 Dungeon Crawl Stone Soup version 0.21.1-1-g345015f (webtiles) character file.

66 sankara the Cudgeler (level 4, -6/28 HPs)
             Began as a Gargoyle Monk on Apr 3, 2018.
             Killed by divine providence
             ... invoked by an orc priest
              (13 damage)
             ... on level 3 of the Dungeon.
             The game lasted 00:07:23 (2048 turns).

sankara the Cudgeler (Gargoyle Monk)                Turns: 2048, Time: 00:07:24

Health: -6/28      AC:  8    Str: 15    XL:     4   Next: 15%
Magic:  4/4        EV: 12    Int: 11    God:
Gold:   76         SH:  0    Dex: 12    Spells: 3/3 levels left

rFire    . . .     SeeInvis .   a - +0 mace
rCold    . . .     Gourm    .   (no shield)
rNeg     + . .     Faith    .   j - +0 robe
rPois    ∞         Spirit   .   (no helmet)
rElec    +         Reflect  .   v - +0 cloak {MR+}
rCorr    .         Harm     .   n - +0 pair of gloves
MR       +....                  l - +0 pair of boots
Stlth    ++........             (no amulet)
HPRegen  0.09/turn              (no ring)
MPRegen  0.09/turn              (no ring)

@: no status effects
A: negative energy resistance 1, electricity resistance, unbreathing,
petrification resistance, rot immunity, AC +3
a: no special abilities


You were on level 3 of the Dungeon.
You were hungry.

You visited 1 branch of the dungeon, and saw 3 of its levels.

You collected 76 gold pieces.

Inventory:

Hand Weapons
 a - a +0 mace (weapon)
 b - a +0 hunting sling
   (You found it on level 2 of the Dungeon)
Missiles
 e - 72 stones (quivered)
 h - 8 tomahawks
 q - 16 sling bullets
Armour
 j - a +0 robe (worn)
 l - a +0 pair of boots (worn)
   (You found it on level 1 of the Dungeon)
 n - a +0 pair of gloves (worn)
   (You found it on level 2 of the Dungeon)
 v - a +0 cloak of magic resistance (worn)
   (You found it on level 2 of the Dungeon)
Jewellery
 p - an uncursed amulet of faith {Faith, !P}
   (You found it on level 2 of the Dungeon)
Wands
 o - a wand of polymorph (8)
   (You found it on level 2 of the Dungeon)
Scrolls
 d - 3 scrolls of identify {unknown}
 g - 2 scrolls of magic mapping {unknown}
 k - 2 scrolls of amnesia {unknown}
 r - a scroll of enchant weapon {unknown}
 s - a scroll of teleportation {unknown}
 t - a scroll of remove curse {unknown}
 u - a scroll of fog {unknown}
Potions
 f - a potion of magic {unknown}
 i - 2 potions of haste {unknown}
 m - 2 potions of heal wounds {unknown}
Comestibles
 c - 2 rations


   Skills:
 - Level 3.3 Fighting
 + Level 4.8 Maces & Flails
 - Level 2.4 Dodging
 - Level 2.2 Stealth


You had 3 spell levels left.
You didn't know any spells.

Dungeon Overview and Level Annotations

Branches:
Dungeon (3/15)

Altars:
Dithmenos
Nemelex Xobeh


Innate Abilities, Weirdness & Mutations

You are resistant to torment.
Your stone body is resilient. (AC +3)
You are immune to poison.
You resist negative energy. (rN+)
You are resistant to electric shocks. (rElec)
You can survive without breathing.
You are immune to petrification.
You are immune to rotting.


Message History

You closely miss the goblin. The goblin closely misses you.
You thump the goblin!
You kill the goblin!
No target in view!
Found a shadowy altar of Dithmenos.
u - a scroll labeled WAKHOR RAETOKO A rat comes into view.
The helpless rat fails to defend itself.
You hit the rat.
The rat is heavily wounded.
The rat barely misses you.
You hit the rat.
You kill the rat!
No target in view!
Some of the chunks of flesh in your inventory have rotted away.
You see here a rat corpse.
You butcher the rat corpse.
j - 3 chunks of flesh {@w0} (gained 1)
You see here a rat skeleton.
Key pressed, stopping explore.
Some of the chunks of flesh in your inventory have rotted away.
e - 60 stones (gained 16)
v - an embroidered cloak Wear which item? (? for menu, Esc to quit)
You start putting on your armour.
You continue putting on your embroidered cloak. x4
You finish putting on your +0 cloak of magic resistance.
You feel resistant to hostile enchantments.
A giant cockroach comes into view.
The helpless giant cockroach fails to defend itself.
You hit the giant cockroach but do no damage.
The giant cockroach bites you but does no damage.
You barely miss the giant cockroach. The giant cockroach closely misses you.
You thump the giant cockroach!
You kill the giant cockroach!
No target in view!
No target in view!
Key pressed, stopping explore.
All of the chunks of flesh in your inventory have rotted away.
e - 74 stones (gained 14)
You are feeling hungry.
You see here a hunting sling.
j - a hunting sling Wield which item (- for none, * to show all)? (? for menu, Esc to quit)
j - a +0 hunting sling (weapon)
Adjust (i)tems, (s)pells, or (a)bilities?
Adjust which item? (? for menu, Esc to quit)
j - a +0 hunting sling (weapon)
Adjust to which letter? (? for menu, Esc to quit)
b - a +0 hunting sling (weapon);
j - a +0 robe (worn)
Done exploring.
Done exploring.
There is a stone staircase leading up here.
There is a stone staircase leading down here.
You climb downwards.
A frilled lizard, 3 orcs and an orc priest come into view.
Found 20 gold pieces.
Found a sparkling altar of Nemelex Xobeh.
Found a stone staircase leading up.
There is a stone staircase leading up here.
Firing (i - inventory. (,) - cycle):
e - 74 stones (quivered)
Press: ? - help, Shift-Dir - straight line, f - orc
Aim: an orc, wielding a flail and wearing a ring mail You shoot a stone.
The stone hits the orc.
The orc is lightly wounded.
The frilled lizard hisses angrily.
The orc priest shouts!
The orc shouts!
The orc moves out of view.
A leopard gecko comes into view.
The leopard gecko hisses angrily.
Firing (i - inventory. (,) - cycle):
e - 73 stones (quivered)
Press: ? - help, Shift-Dir - straight line, f - frilled lizard
Aim: a frilled lizard You shoot a stone.
The stone hits the orc but does no damage.
Quiver which item? (- for none, * to show all) (? for menu, Esc to quit)
Quivering
q - 18 sling bullets for slings.
Firing (i - inventory. (,) - cycle):
q - 18 sling bullets (quivered)
Press: ? - help, Shift-Dir - straight line, f/p - orc
Aim: an orc, wearing a chain mail You shoot a sling bullet.
The sling bullet hits the orc.
The orc is heavily wounded.
The orc priest mumbles some strange prayers to Beogh against you.
Beogh smites you!
You are too injured to fight recklessly!
Firing (i - inventory. (,) - cycle):
q - 17 sling bullets (quivered)
Press: ? - help, Shift-Dir - straight line, f/p - orc
Aim: an orc, wearing a chain mail (heavily wounded)
You shoot a sling bullet.
The sling bullet closely misses the orc.
a - a +0 mace (weapon)
You hit the orc.
You kill the orc!
The orc priest calls down the wrath of Beogh upon you.
Beogh smites you!
* * * LOW HITPOINT WARNING * * *
A hobgoblin comes into view. It is wielding a club.
The leopard gecko barely misses you.
The orc priest calls down the wrath of Beogh upon you.
Beogh smites you!
You die...

# . .. .. ...
<.. .... ....
..... .....
....g.###......
(.((ool@$.⌠.⌠..
.....l###.._..#
..... ⌠.⌠.#
...( .... ...
#.. ## .


You could see an orc priest, an orc, a leopard gecko, a hobgoblin (wandering)
and a frilled lizard.

Vanquished Creatures
  2 adders (D:2)
  A worm (D:2)
  An orc (D:3)
  3 giant cockroaches
  9 goblins
  4 hobgoblins
  7 kobolds
  8 bats (D:1)
  3 frilled lizards
  3 rats
41 creatures vanquished.

Notes
Turn   | Place    | Note
-------+----------+-------------------------------------------
     0 | D:1      | sankara the Gargoyle Monk began the quest for the Orb.
     0 | D:1      | Reached XP level 1. HP: 14/14 MP: 1/1
   130 | D:1      | HP: 3/14 [goblin (2)]
   429 | D:1      | Reached XP level 2. HP: 18/19 MP: 2/2
   732 | D:1      | Reached skill level 4 in Maces & Flails
   735 | D:1      | Reached XP level 3. HP: 14/23 MP: 3/3
  1532 | D:2      | Reached XP level 4. HP: 26/28 MP: 4/4
  1722 | D:2      | Found a shadowy altar of Dithmenos.
  2041 | D:3      | Found a sparkling altar of Nemelex Xobeh.
  2047 | D:3      | HP: 7/28 [orc priest/divine providence (13)]
  2048 | D:3      | Killed from afar by an orc priest

Skill      XL: |  1  2 |
---------------+-------+-----
Maces & Flails | 4 |  4.8
Fighting       | |  3.3
Dodging        | |  2.4
Stealth        | |  2.2

Action                   |  1- 3 |  4- 6 || total
-------------------------+-------+-------++-------
Melee: Mace              |   108 |    12 ||   120
 Fire: Hunting sling     |       |     4 ||     4
Throw: Stone             |     1 |       ||     1
 Stab: Sleeping          |     4 |     2 ||     6
  Eat: Chunk             |     2 |     1 ||     3
Armor: Robe              |    50 |     2 ||    52
Dodge: Dodged            |    80 |     5 ||    85

Vault maps used:
D:1:      co_arrival_random_square_maze
D:2:      nicolae_overflow_hidden_temple, serial_glass, glass_columns_a,
          glass_columns_a, kennysheep_big_empty_room
D:3:      nemelex_xobeh_ov_fountains_minmay, ashenzari_conservatory_becter,
          first_ration

Table legend:
 A = Turns spent in this place as a percentage of turns spent in the entire game.
 B = Non-inter-level travel turns spent in this place as a percentage of non-inter-level travel turns spent in the entire game.
 C = Inter-level travel turns spent in this place as a percentage of turns spent in this place.
 D = Turns resting spent in this place as a percentage of non-inter-level travel turns spent in this place.
 E = Turns spent auto-exploring this place as a percentage of non-inter-level travel turns spent in this place.
 F = Non-inter-level travel turns spent in this place divided by the number of levels of this place that you've seen.
                   A       B       C       D       E      F
               +-------+-------+-------+-------+-------+----------------------
         Total | 100.0 | 100.0 |   4.5 |  26.6 |  46.4 | 651.7
       Dungeon | 100.0 | 100.0 |   4.5 |  26.6 |  46.4 | 651.7
               +-------+-------+-------+-------+-------+----------------------

Table legend:
 A = Kills in this place as a percentage of kills in entire the game.
 B = Kills by you in this place as a percentage of kills by you in the entire game.
 C = Kills by friends in this place as a percentage of kills by friends in the entire game.
 D = Other kills in this place as a percentage of other kills in the entire game.
 E = Experience gained in this place as a percentage of experience gained in the entire game.
 F = Experience gained in this place divided by the number of levels of this place that you have seen.
                   A       B       C       D       E      F
               +-------+-------+-------+-------+-------+----------------------
         Total | 100.0 | 100.0 |   N/A |   N/A | 100.0 |  31.7
       Dungeon | 100.0 | 100.0 |   N/A |   N/A | 100.0 |  31.7
               +-------+-------+-------+-------+-------+----------------------
